 Dungeon Crawl Stone Soup version 0.14-a0-1519-gc5e2f7f (webtiles) character file.

215 PolkaDot the Ruinous (level 4, -2/30 HPs)
             Began as a Vampire Conjurer on Dec 17, 2013.
             Killed by divine providence
             ... invoked by an orc priest
              (12 damage)
             ... on Level 3 of the Dungeon.
             The game lasted 00:09:07 (2240 turns).

PolkaDot the Ruinous (Vampire Conjurer)             Turns: 2240, Time: 00:09:08

HP  -2/30        AC  4     Str  7      XL: 4   Next: 66%
MP   2/9         EV 12     Int 18      God:
Gold 101         SH  0     Dex 14      Spells:  3 memorised,  2 levels left

rFire  . . .     SeeInvis +     b - +1 dwarf dagger
rCold  . . .     Clarity  .     a - +0 robe
rNeg   . . .     Conserve .     (no shield)
rPois  .         rCorr    .     (no helmet)
rElec  .         rRot     .     (no cloak)
SustAb . .       Spirit   .     (no gloves)
rMut   .         Warding  .     g - +1 pair of dwarf boots
Saprov . . .     Stasis   .     (no amulet)
                                (no ring)
                                (no ring)

@: regenerating quickly, slightly resistant to hostile enchantments, stealthy
A: fangs 3, see invisible, unbreathing
a: no special abilities


You were on level 3 of the Dungeon.
You were very full.

You visited 1 branch of the dungeon, and saw 3 of its levels.

You collected 101 gold pieces.

Inventory:

Hand weapons
 b - a +1,+1 dwarven dagger (weapon)
Armour
 a - a +0 robe (worn)
 g - a +1 pair of dwarven boots (worn)
Scrolls
 d - 3 scrolls of magic mapping {unknown}
 j - a scroll of curse weapon {unknown}
 k - a scroll of amnesia {unknown}
 l - a scroll of remove curse {unknown}
Potions
 e - a potion of resistance
 f - 2 potions of brilliance
 i - 2 potions of curing {unknown}
Books
 c - a book of Conjurations

   Spells                             Type                      Level
   *Magic Dart                        Conjuration                  1
   *Searing Ray                       Conjuration                  2
   Dazzling Spray                     Conjuration/Hexes            3
   *Iskenderun's Mystic Blast         Conjuration                  4
   Iskenderun's Battlesphere          Conjuration/Charms           4
   Fulminant Prism                    Conjuration/Hexes            5


   Skills:
 - Level 2.1 Dodging
 - Level 3.0 Stealth
 + Level 3.0 Spellcasting
 * Level 4.1 Conjurations


You had 2 spell levels left.
You knew the following spells:

 Your Spells              Type           Power        Failure   Level  Hunger
a - Magic Dart            Conj           ###.         3%          1    None
d - Iskenderun's Mystic   Conj           ###.....     34%         4    ####...
s - Searing Ray           Conj           ###...       6%          2    ##.....


Dungeon Overview and Level Annotations

Branches:
Dungeon (3/16)

Altars:
Elyvilon
Makhleb


Innate Abilities, Weirdness & Mutations

Your natural rate of healing is unusually fast.
You have razor-sharp teeth.*
You have supernaturally acute eyesight.
You can survive without breathing.*


Message History

You hit the orc but do no damage. The orc hits you but does no damage.
You hit the orc but do no damage. The orc hits you but does no damage.
You hit the orc but do no damage. You hit the orc but do no damage.
The orc hits you but does no damage.
You hit the orc.
The orc is heavily wounded.
The orc priest glows brightly for a moment.
The orc hits you but does no damage.
You hit the orc but do no damage.
The orc is heavily wounded.
The orc priest's eyes start to glow.
The orc hits you but does no damage.
You barely miss the orc.
The orc is heavily wounded.
You feel less woody.
Your +1 pair of dwarven boots unmelds from your body.
Your +0 robe unmelds from your body.
The orc priest calls down the wrath of Beogh upon you.
Something smites you!
You die...

### ####+## ..# .....# ..#
.oo.# ..# ... . ..# #.#
..>.
..#########.#########..##
.............)oo@........
........###.#########..##
#.......# #.#########..#
#.......###........##..# #
#.......<...........#..##.#
#....)..............#..<..#
#...................#..####
#.........................#
#...................##.##.#


You could see an orc priest and an orc.

Vanquished Creatures
  A crimson imp (D:2)
  2 adders (D:3)
  A giant gecko (D:1)
  4 oozes
  4 orcs (D:3)
  3 giant cockroaches
  5 hobgoblins
  6 kobolds
  2 quokkas (D:2)
  9 bats
  3 giant newts (D:2)
  4 goblins
  9 rats
53 creatures vanquished.

Notes
Turn   | Place    | Note
--------------------------------------------------------------
     0 | D:1      | PolkaDot, the Vampire Conjurer, began the quest for the Orb.
     0 | D:1      | Reached XP level 1. HP: 13/13 MP: 3/3
   429 | D:1      | Reached XP level 2. HP: 11/19 MP: 0/4
   593 | D:1      | Learned a level 2 spell: Searing Ray
  1318 | D:2      | Reached XP level 3. HP: 24/24 MP: 6/6
  1429 | D:2      | Found a burning altar of Makhleb.
  1536 | D:2      | Reached XP level 4. HP: 20/30 MP: 2/8
  1785 | D:2      | Found a white marble altar of Elyvilon.
  1961 | D:2      | Learned a level 4 spell: Iskenderun's Mystic Blast
  2046 | D:3      | Reached skill level 4 in Conjurations
  2240 | D:3      | Killed from afar by an orc priest

Action                   |  1- 3 |  4- 6 || total
-------------------------+-------+-------++-------
Melee: Unarmed           |    22 |       ||    22
       Dagger            |    84 |   104 ||   188
 Cast: Magic Dart        |    22 |     1 ||    23
       Searing Ray       |     5 |     3 ||     8
  Use: Potion            |     2 |     1 ||     3
       Scroll            |     4 |       ||     4
 Stab: Sleeping          |     4 |     3 ||     7
